 Dungeon Crawl Stone Soup version 0.13.0-7-g3df9ff1 (webtiles) character file.

1291 MackTheKnife the Sneak (level 8, -2/49 HPs)
             Began as a Halfling Skald on Oct 16, 2013.
             Was an Initiate of Ashenzari.
             Hit by an uncursed orcish dagger thrown by an orc warrior (10 damage)
             ... on Level 6 of the Dungeon.
             The game lasted 00:16:43 (7615 turns).

MackTheKnife the Sneak (Halfling Skald)             Turns: 7615, Time: 00:16:43

HP  -2/49        AC  4     Str  9      XL: 8   Next: 46%
MP  10/14        EV 13     Int 13      God: Ashenzari [......]
Gold 269         SH  0     Dex 17      Spells:  3 memorised,  4 levels left

Res.Fire  : . . .   See Invis. : .   h - +0,+1 elf dagger (flame) (curse)
Res.Cold  : . . .   Warding    : .   b - +0 leather armour (curse)
Life Prot.: + . .   Conserve   : .   (no shield)
Res.Poison: .       Res.Corr.  : .   (no helmet)
Res.Elec. : .       Clarity    : .   F - +0 cloak
Sust.Abil.: . .     Spirit.Shd : .   (no gloves)
Res.Mut.  : .       Stasis     : .   (no boots)
Res.Rott. : .       Flight     : .   (no amulet)
Saprovore : . . .                    C - ring of positive energy
                                     j - ring of wizardry

@: slightly resistant to hostile enchantments, very stealthy
A: mutation resistance 1, slow metabolism 1
a: Renounce Religion


You were on level 6 of the Dungeon.
You worshipped Ashenzari.
Ashenzari was noncommittal.
You were not hungry.

You visited 2 branches of the dungeon, and saw 7 of its levels.

You collected 249 gold pieces.

Inventory:

Hand weapons
 h - a cursed +0,+1 elven dagger of flaming (weapon)
 u - a +0,+0 sabre
 y - a -1,+0 orcish sabre
Armour
 b - a cursed +0 leather armour (worn)
 F - a +0 cloak (worn)
Magical devices
 a - a wand of polymorph (7)
 r - a wand of confusion (11)
Comestibles
 d - a bread ration
 k - 2 pears
 p - 3 meat rations
 q - a choko
 s - 2 rotting chunks of iguana flesh
Scrolls
 e - 2 scrolls of remove curse
 f - 2 scrolls of amnesia
 i - 2 scrolls of teleportation
 v - a scroll of recharging {unknown}
 w - 2 scrolls of curse armour
 G - 2 scrolls of immolation
Jewellery
 j - a ring of wizardry (left hand)
 n - an uncursed ring of flight
 B - an uncursed ring of ice
 C - a ring of positive energy (right hand)
Potions
 g - a potion of mutation {unknown}
 l - a potion of resistance {unknown}
 m - a potion of invisibility {unknown}
 o - a potion of brilliance {unknown}
 t - 2 potions of agility
 x - a potion of speed {unknown}
 z - 5 potions of curing
 A - a potion of might {unknown}
 D - a potion of flight
Books
 c - a book of Battle

   Spells                             Type                      Level
   *Infusion                          Charms                       1
   Shroud of Golubria                 Charms/Translocation         2
   Song of Slaying                    Charms                       2
   *Spectral Weapon                   Hexes/Charms                 3
   *Regeneration                      Charms/Necromancy            3
   Song of Shielding                  Charms                       4


   Skills:
 - Level 1.7 Fighting
 + Level 5.4 Short Blades
 - Level 0.7 Armour
 + Level 3.2 Dodging
 + Level 7.3 Stealth
 - Level 2.4 Spellcasting
 - Level 7.0 Charms


You had 4 spell levels left.
You knew the following spells:

 Your Spells              Type           Power        Failure   Level  Hunger
a - Infusion              Chrm           ###...       1%          1    #......
b - Regeneration          Chrm/Necr      ##........   7%          3    ####...
c - Spectral Weapon       Hex/Chrm       ##......     7%          3    ####...


Dungeon Overview and Level Annotations

Branches:
Dungeon (6/27)             Temple (1/1) D:4
    Orc: D:6-11

Altars:
Ashenzari
Cheibriados
Elyvilon
Fedhas
Kikubaaqudgha
Nemelex Xobeh
Okawaru
Sif Muna
Trog
Vehumet
Xom
Yredelemnul
Zin
the Shining One

Annotations:
D:3 jazmu's ghost, average MiHu
D:6 Edmund


Innate Abilities, Weirdness & Mutations

You are small and have problems with some larger weapons.
You are somewhat resistant to further mutation.
You have a slow metabolism.


Message History

You closely miss the orc warrior.
The orc warrior is lightly wounded.
Your spectral weapon closely misses the orc warrior.
You hit the orc warrior but do no damage.
The orc warrior is lightly wounded.
Your spectral weapon hits the orc warrior but does no damage.
The orc warrior hits you with an orcish mace!
* * * LOW HITPOINT WARNING * * *
The orc warrior throws an uncursed orcish dagger.
The uncursed orcish dagger hits your spectral weapon.
Your spectral weapon shares its damage with you!
* * * LOW HITPOINT WARNING * * *
The orc hits your spectral weapon with an orcish dagger.
Your spectral weapon shares its damage with you!
Your spectral weapon fades away.
* * * LOW HITPOINT WARNING * * *
You are feeling less magically infused.
The orc warrior throws an uncursed orcish dagger.
The uncursed orcish dagger hits you!
You die...

##### #...#############..
#................. #...#
#.<.....# #...# #.......#
#...# #.@.....# #
########...####.......###.#
................o.........#
########...####...........#
..........o.o.o...........#
....####.#o####...........#
....####)#.###########>...#
.........o...# ....#
########o#.#.# ....#


You could see an orc warrior and an orc.

Vanquished Creatures
  Grinder (D:5)
  Eustachio (D:4)
  A necrophage (D:5)
  A sky beast (D:5)
  A crimson imp (D:6)
  3 iguanas
  2 hounds
  Crazy Yiuf (D:4)
  3 worker ants
  3 gnolls (D:5)
  A green rat (D:4)
  6 adders
  2 worms
  A giant eyeball (D:5)
  2 orcs
  2 ball pythons
  6 giant cockroaches
  11 goblins
  10 hobgoblins
  3 jackals (D:3)
  9 kobolds
  An ooze (D:1)
  4 quokkas
  7 bats
  5 giant newts
  A giant newt skeleton (D:4)
  6 rats
94 creatures vanquished.

Vanquished Creatures (collateral kills)
  A gnoll (D:4)
1 creature vanquished.

Vanquished Creatures (others)
  3 spectral weapons
3 creatures vanquished.

Grand Total: 98 creatures vanquished

Notes
Turn   | Place    | Note
--------------------------------------------------------------
     0 | D:1      | MackTheKnife, the Halfling Skald, began the quest for the Orb.
     0 | D:1      | Reached XP level 1. HP: 13/13 MP: 3/3
   256 | D:1      | Reached XP level 2. HP: 16/18 MP: 4/4
   713 | D:2      | Reached skill level 4 in Charms
   713 | D:2      | Reached XP level 3. HP: 23/23 MP: 4/6
  1475 | D:2      | Learned a level 3 spell: Regeneration
  1721 | D:2      | Reached XP level 4. HP: 18/28 MP: 8/8
  1903 | D:2      | Learned a level 3 spell: Spectral Weapon
  2365 | D:3      | Noticed jazmu's ghost (average MiHu)
  2669 | D:2      | Reached XP level 5. HP: 23/34 MP: 10/10
  3031 | D:3      | Reached skill level 1 in Stealth
  3087 | D:3      | Reached skill level 5 in Charms
  3906 | D:4      | Reached XP level 6. HP: 39/39 MP: 11/11
  4157 | D:4      | Found a staircase to the Ecumenical Temple.
  4165 | Temple   | Entered the Ecumenical Temple
  4264 | D:4      | Noticed Eustachio
  4601 | D:4      | Noticed Crazy Yiuf
  4616 | D:4      | Killed Crazy Yiuf
  4812 | D:4      | Killed Eustachio
  4812 | D:4      | Reached skill level 6 in Charms
  4812 | D:4      | Reached XP level 7. HP: 16/44 MP: 0/13
  5429 | D:5      | Entered Level 5 of the Dungeon
  6053 | D:4      | Reached skill level 5 in Stealth
  6375 | D:5      | Reached skill level 7 in Charms
  6694 | D:4      | Found a shattered altar of Ashenzari.
  6694 | D:4      | Found a snail-covered altar of Cheibriados.
  6716 | D:4      | Became a worshipper of Ashenzari the Shackled
  7052 | D:5      | Noticed Grinder
  7070 | D:5      | Paralysed by Grinder for 4 turns
  7089 | D:5      | Killed Grinder
  7089 | D:5      | Reached skill level 5 in Short Blades
  7089 | D:5      | Reached XP level 8. HP: 46/49 MP: 0/14
  7451 | D:6      | Noticed Edmund
  7615 | D:6      | Hit by an uncursed orcish dagger thrown by an orc warrior

Action                   |  1- 3 |  4- 6 |  7- 9 || total
-------------------------+-------+-------+-------++-------
Melee: Short sword       |    97 |       |       ||    97
       Dagger            |    14 |   262 |   131 ||   407
       Unarmed           |     1 |       |       ||     1
 Cast: Infusion          |     2 |     6 |     6 ||    14
       Regeneration      |       |     2 |     1 ||     3
       Spectral Weapon   |       |     5 |    13 ||    18
Evoke: Wand              |       |     7 |       ||     7
  Use: Potion            |     1 |       |     4 ||     5
       Scroll            |       |       |    16 ||    16
 Stab: Sleeping          |       |     2 |     7 ||     9
       Distracted        |       |     2 |     1 ||     3
